 Dungeon Crawl Stone Soup version 0.29.0-11-gd7f09526c8 (webtiles) character file.

Game seed: 10262323480364007743

259 pacmanke6689 the Shooter (level 6, -1/47 HPs)
             Began as a Formicid Hunter on Sept 6, 2022.
             Slain by an orc
             ... wielding a +0 whip
              (5 damage)
             ... on level 4 of the Dungeon.
             The game lasted 00:14:21 (2987 turns).

pacmanke6689 the Shooter (Formicid Hunter)          Turns: 2987, Time: 00:14:23

Health: -1/47      AC:  3    Str: 15    XL:     6   Next: 40%
Magic:  2/8        EV: 12    Int:  9    God:
Gold:   183        SH:  0    Dex: 19    Spells: 7/8 levels left

rFire   . . .      SeeInvis +   a - +1 shortbow
rCold   . . .      Faith    .   (no shield)
rNeg    . . .      Spirit   .   c - +0 leather armour
rPois   .          Reflect  .   (helmet unavailable)
rElec   .          Harm     .   (no cloak)
rCorr   .          Rampage  .   (no gloves)
Will    .....                   (no boots)
Stlth   ++........              (no amulet)
HPRegen 0.15/turn               (no ring)
MPRegen 0.11/turn               (no ring)

@: no status effects
A: permanent stasis, dig shafts and tunnels, antennae 3, four strong arms
a: Dig, Shaft Self


You were on level 4 of the Dungeon.
You visited 1 branch of the dungeon, and saw 4 of its levels.

You collected 183 gold pieces.

Inventory:

Hand Weapons
 a - a +1 shortbow (weapon)
Armour
 c - a +0 leather armour (worn)
Jewellery
 d - an amulet of guardian spirit
Wands
 g - a wand of polymorph (7)
 k - a wand of quicksilver (10)
Scrolls
 b - 2 scrolls of immolation
Potions
 e - 2 potions of degeneration
 f - 2 potions of magic


   Skills:
 + Level 3.2 Fighting
 + Level 6.0 Ranged Weapons
 + Level 1.6 Armour
 + Level 2.0 Dodging
 + Level 1.3 Stealth
 + Level 1.6 Spellcasting
 + Level 1.2 Necromancy


You had 7 spell levels left.
You knew the following spells:

 Your Spells              Type           Power      Damage    Failure   Level
a - Necrotise             Necr           8%         1d4       26%         1

Your spell library contained the following spells:

 Spells                   Type           Power      Damage    Failure   Level
 Vampiric Draining        Necr           2%         2d6       61%         3
 Gell's Gravitas          Tloc           0%         N/A       78%         3
 Lesser Beckoning         Tloc           0%         N/A       78%         3
 Teleport Other           Tloc           0%         N/A       78%         3
 Agony                    Necr           2%         N/A       100%        5


Dungeon Overview and Level Annotations

Branches:
Dungeon (4/15)
 Temple: D:4-7

Altars:
Makhleb
Ru


Innate Abilities, Weirdness & Mutations

You cannot be hasted, slowed, berserked, paralysed or teleported.
You can dig through walls and to a lower floor.
You have a pair of large antennae on your head. (SInv)
Your four strong arms can wield two-handed weapons with a shield.


Message History

The orc barely misses you.
Non-targeted confused fire: a) +1 shortbow
Press: ? - help, Q - select action, (/) - cycle Dir - look around, f - activate You shoot an arrow.
The hobgoblin hits you.
* * * LOW HITPOINT WARNING * * *
The orc wizard hits you but does no damage.
The orc hits you with a +0 whip.
* * * LOW HITPOINT WARNING * * *
Non-targeted confused fire: a) +1 shortbow
Press: ? - help, Q - select action, (/) - cycle Dir - look around, f - activate You shoot an arrow.
The hobgoblin hits you but does no damage.
The orc wizard completely misses you. The orc hits you but does no damage.
Your magical contamination has completely faded away.
Non-targeted confused fire: a) +1 shortbow
Press: ? - help, Q - select action, (/) - cycle Dir - look around, f - activate You shoot an arrow.
The arrow hits the hobgoblin.
The hobgoblin is heavily wounded.
The orc wizard hits you but does no damage.
The hobgoblin closely misses you. The orc closely misses you.
The orc hits you with a +0 whip.
* * * LOW HITPOINT WARNING * * *
The orc wizard closely misses you. The hobgoblin misses you.
Unknown command.
Non-targeted confused fire: a) +1 shortbow
Press: ? - help, Q - select action, (/) - cycle Dir - look around, f - activate You shoot an arrow.
The arrow hits the orc wizard!
The orc wizard is almost dead.
You feel less confused. The orc wizard closely misses you.
The hobgoblin hits you but does no damage.
The orc closely misses you.
Fire: a) +1 shortbow
Press: ? - help, Q - select action, (/) - cycle Shift-Dir - straight line, f - hobgoblin
Aim: a hobgoblin (heavily wounded, 66% to hit)
You shoot an arrow. The arrow hits the hobgoblin!
You kill the hobgoblin!
The orc wizard barely misses you. The orc hits you with a +0 whip.
You die...

#
#..######
#...@†.#
##..oo<#
#.....#
#.....#
#....)#
#.....#
#.....#
####.#.
.. .


You could see an orc wizard and an orc.

Vanquished Creatures
  Sigmund (D:3)
  Robin (D:3)
  3 dart slugs
  2 orcs (D:4)
  3 bats
  5 endoplasms
  3 giant cockroaches
  16 goblins
  7 hobgoblins
  12 jackals
  6 kobolds
  3 quokkas
  5 ball pythons
  2 frilled lizards (D:1)
  8 rats
77 creatures vanquished.

Notes
Turn   | Place    | Note
-------+----------+-------------------------------------------
     0 | D:1      | pacmanke6689 the Formicid Hunter began the quest for the
                  | Orb.
     0 | D:1      | Reached XP level 1. HP: 16/16 MP: 1/1
     6 | D:1      | Noticed an anaconda
     6 | D:1      | Noticed a swamp drake
     7 | D:1      | Noticed a snapping turtle
     7 | D:1      | Noticed a hog
    74 | D:1      | Reached XP level 2. HP: 23/23 MP: 2/2
   202 | D:1      | Reached XP level 3. HP: 28/28 MP: 3/3
   339 | D:1      | Found a faded altar of an unknown god.
   866 | D:2      | Reached skill level 5 in Ranged Weapons
  1013 | D:2      | Reached XP level 4. HP: 34/34 MP: 4/4
  1074 | D:2      | Learned a level 1 spell: Necrotise
  1692 | D:3      | Noticed Robin
  1707 | D:3      | Killed Robin
  1997 | D:3      | Found a burning altar of Makhleb.
  2150 | D:3      | Found a sacrificial altar of Ru.
  2473 | D:3      | Noticed Sigmund
  2510 | D:3      | Killed Sigmund
  2511 | D:3      | Reached skill level 6 in Ranged Weapons
  2511 | D:3      | Reached skill level 1 in Armour
  2511 | D:3      | Reached skill level 1 in Spellcasting
  2511 | D:3      | Reached skill level 1 in Necromancy
  2511 | D:3      | Reached XP level 5. HP: 23/41 MP: 4/7
  2511 | D:3      | Reached XP level 6. HP: 27/47 MP: 4/8
  2987 | D:4      | Slain by an orc

Illustrated notes

Levels and vault maps discovered:
D:1:      onia_arrival_zoo_common, layout_loops_ring,
          ebering_ecumenical_altar_abandoned
D:2:      layout_loops_ring, minmay_pentomino_pile
D:3:      layout_basic, overflow_temple_1_default,
          mainiacjoe_overflow_six_doors_small, uniq_robin, uniq_sigmund
D:4:      layout_rooms, nicolae_hepliaklqana_hippocampus, serial_shops,
          shop_fountains, minmay_pentangle

Skill      XL: |  1  2  3  4 |
---------------+-------------+-----
Ranged Weapons | 5 6 |  6.0
Fighting       | 3 |  3.2
Armour         | 1 |  1.6
Dodging        | 2 |  2.0
Spellcasting   | 1 |  1.6
Necromancy     | 1 |  1.2
Stealth        | |  1.3

Action                   |  1- 3 |  4- 6 || total
-------------------------+-------+-------++-------
Melee: Shortbow          |       |     1 ||     1
 Fire: Shortbow          |    90 |    94 ||   184
 Cast: Necrotise         |       |    17 ||    17
 Abil: Dig               |     1 |       ||     1
  Use: Scroll            |     5 |     4 ||     9
       Potion            |     1 |     4 ||     5
Armor: Leather armour    |    12 |    19 ||    31
       Skin              |       |    10 ||    10
Dodge: Dodged            |    19 |    56 ||    75
